 Dungeon Crawl Stone Soup version 0.20.0-4-g10b340a (webtiles) character file.

697 Hasart the Firebug (level 7, -1/65 HPs)
             Began as an Ogre Fire Elementalist on May 27, 2017.
             Slain by a hound skeleton (4 damage)
             ... on level 5 of the Dungeon.
             The game lasted 00:11:17 (4252 turns).

Hasart the Firebug (Ogre Fire Elementalist)         Turns: 4252, Time: 00:11:18

Health: -1/65      AC:  4    Str: 13    XL:     7   Next: 65%
Magic:  3/13       EV: 11    Int: 18    God:
Gold:   177        SH:  0    Dex:  9    Spells: 9/14 levels left

rFire    . . .     SeeInvis .   w - +3 quarterstaff (chaos)
rCold    . . .     Gourm    .   (shield currently unavailable)
rNeg     + . .     Faith    .   a - +0 robe
rPois    .         Spirit   .   (helmet restricted)
rElec    .         Reflect  .   x - +0 cloak
rCorr    .         Harm     .   (gloves unavailable)
MR       .....                  (boots unavailable)
Stlth    +.........             (no amulet)
Regen    0.2/turn               o - ring of positive energy
MPRegen  0.2/turn               (no ring)

@: no status effects
A: unfitting armour, tough skin 1
a: no special abilities


You were on level 5 of the Dungeon.
You were very hungry.

You visited 1 branch of the dungeon, and saw 5 of its levels.

You collected 177 gold pieces.

Inventory:

Hand Weapons
 r - a +2 dagger of holy wrath
 w - a +3 quarterstaff of chaos (weapon)
Armour
 a - a +0 robe (worn)
 x - a +0 cloak (worn)
Jewellery
 o - a ring of positive energy (left hand)
Scrolls
 f - 2 scrolls of recharging {unknown}
 g - 2 scrolls of teleportation
 h - 2 scrolls of remove curse
 i - 4 scrolls of identify {unknown}
 j - a scroll of enchant armour {unknown}
 l - a scroll of amnesia {unknown}
 p - a scroll of noise {unknown}
 t - a scroll of immolation {unknown}
Potions
 e - a potion of resistance {unknown}
 m - a potion of agility {unknown}
 n - a potion of mutation {unknown}
 q - a potion of degeneration {unknown}
 s - a potion of curing
 u - a potion of cancellation {unknown}
 v - a potion of heal wounds {unknown}
Books
 b - a book of Flames

   Spells                             Type                      Level
   a - Flame Tongue                   Conjuration/Fire             1
   b - Throw Flame                    Conjuration/Fire             2
   c - Conjure Flame                  Conjuration/Fire             3
   d - Inner Flame                    Hexes/Fire                   3
   e - Sticky Flame                   Conjuration/Fire             4
   f - Fireball                       Conjuration/Fire             5
Comestibles
 c - 3 bread rations
 d - 2 royal jellies
 k - 2 meat rations


   Skills:
 + Level 2.2 Fighting
 + Level 3.6 Dodging
 - Level 1.4 Stealth
 + Level 4.1 Spellcasting
 + Level 3.3 Conjurations
 * Level 5.3 Fire Magic


You had 9 spell levels left.
You knew the following spells:

 Your Spells              Type           Power        Failure   Level  Hunger
a - Flame Tongue          Conj/Fire      ###..        2%          1    None
b - Sticky Flame          Conj/Fire      ###.....     24%         4    ####...


Dungeon Overview and Level Annotations

Branches:
Dungeon (5/15)
 Temple: D:4-7

Altars:
Kikubaaqudgha


Innate Abilities, Weirdness & Mutations

You are too large for most types of armour.
You have tough skin. (AC +1)


Message History

You thump the hound skeleton!
The hound skeleton is heavily damaged.
The hound skeleton closely misses you.
You barely miss the hound skeleton.
The hound skeleton is heavily damaged.
The hound skeleton barely misses you.
The jackal bites you but does no damage.
The hound skeleton barely misses you.
You barely miss the hound skeleton.
The hound skeleton is heavily damaged.
The jackal bites you.
* * * LOW HITPOINT WARNING * * *
The hound skeleton closely misses you. The jackal closely misses you.
The hound skeleton bites you.
* * * LOW HITPOINT WARNING * * *
A jackal comes into view.
You hit the hound skeleton. You burn the hound skeleton.
The hound skeleton is severely damaged.
The jackal closely misses you. The hound skeleton bites you.
You die...

###
...
#.#
#.#
#.#
#Z#
#@#
#h#
#h#
#)#
#...#
#...##
#.h$.
#....
#.#.#


You could see 2 jackals and a hound skeleton.

Vanquished Creatures
  Grinder (D:3)
  2 scorpions (D:4)
  A howler monkey (D:5)
  Crazy Yiuf (D:3)
  4 orc priests
  An orc wizard (D:4)
  Natasha (D:4)
  A worker ant (D:4)
  Robin (D:3)
  3 adders
  4 worms
  A dart slug (D:2)
  A leopard gecko (D:3)
  7 orcs
  8 bats
  5 giant cockroaches
  18 goblins
  15 hobgoblins
  4 jackals (D:2)
  2 quokkas
  6 frilled lizards
  6 kobolds
  9 rats
102 creatures vanquished.

Vanquished Creatures (others)
  A human (D:3)
1 creature vanquished.

Grand Total: 103 creatures vanquished

Notes
Turn   | Place    | Note
-------+----------+-------------------------------------------
     0 | D:1      | Hasart the Ogre Fire Elementalist began the quest for the Orb.
     0 | D:1      | Reached XP level 1. HP: 16/16 MP: 3/3
    21 | D:1      | Reached skill level 1 in Conjurations
   109 | D:1      | Reached XP level 2. HP: 15/24 MP: 0/5
   272 | D:1      | Reached skill level 3 in Fire Magic
   808 | D:1      | Reached XP level 3. HP: 30/31 MP: 6/6
  1195 | D:2      | Reached XP level 4. HP: 37/39 MP: 5/7
  1202 | D:2      | Learned a level 4 spell: Sticky Flame
  1604 | D:3      | Noticed Grinder
  1622 | D:3      | Paralysed by Grinder for 2 turns
  1631 | D:3      | Killed Grinder
  1631 | D:3      | Reached skill level 4 in Fire Magic
  1631 | D:3      | Reached XP level 5. HP: 37/45 MP: 2/10
  1631 | D:3      | Reached XP level 6. HP: 43/53 MP: 2/11
  1769 | D:3      | Found an ancient bone altar of Kikubaaqudgha.
  1773 | D:3      | Noticed a human
  1774 | D:3      | Killed a human
  1938 | D:3      | Found a runed door.
  2659 | D:3      | Noticed Robin
  3143 | D:3      | Killed Robin
  3537 | D:3      | Noticed Crazy Yiuf
  3559 | D:3      | Killed Crazy Yiuf
  3808 | D:4      | Reached skill level 1 in Fighting
  3875 | D:4      | Reached XP level 7. HP: 52/62 MP: 12/12
  3925 | D:4      | Reached skill level 5 in Fire Magic
  3926 | D:4      | Noticed Natasha
  3927 | D:5      | Entered Level 5 of the Dungeon
  4235 | D:4      | Killed Natasha
  4251 | D:5      | HP: 3/65 [hound skeleton (2)]
  4252 | D:5      | Slain by a hound skeleton

Skill      XL: |  1  2  3  4  5  6  7 |
---------------+----------------------+-----
Conjurations   | 1 2 3 |  3.3
Dodging        | 2 3 |  3.6
Fire Magic     | 3 4 5 |  5.3
Spellcasting   | 3 4 |  4.1
Fighting       | 1 2 |  2.2
Stealth        | |  1.4

Action                   |  1- 3 |  4- 6 |  7- 9 || total
-------------------------+-------+-------+-------++-------
Melee: Dagger            |    73 |   127 |       ||   200
       Unarmed           |    11 |       |       ||    11
       Quarterstaff      |       |    29 |    18 ||    47
 Cast: Flame Tongue      |    43 |    21 |       ||    64
       Sticky Flame      |       |     5 |     7 ||    12
  Use: Scroll            |       |     2 |       ||     2
 Stab: Sleeping          |     1 |       |       ||     1
  Eat: Chunk             |     1 |    10 |       ||    11
       Royal jelly       |       |       |     1 ||     1
Armor: Robe              |    32 |    44 |     4 ||    80
Dodge: Dodged            |    56 |    89 |    23 ||   168
